 Seeded DCSS version 0.29-a0-356-g7bc237e783 (webtiles) character file.

Game seed: 13387057801375688922 (custom seed)

382 zeratav the Conjurer (level 6, -2/36 HPs)
             Began as an Octopode Conjurer on Apr 25, 2022.
             Slain by an ogre
             ... wielding a +0 giant spiked club
              (29 damage)
             ... on level 4 of the Dungeon.
             The game lasted 00:06:29 (4208 turns).

zeratav the Conjurer (Octopode Conjurer)            Turns: 4208, Time: 00:06:30

Health: -2/36      AC:  1    Str:  6    XL:     6   Next: 76%
Magic:  11/11      EV: 13    Int: 22    God:
Gold:   182        SH:  0    Dex: 11    Spells: 9/12 levels left

rFire   . . .      SeeInvis +   l - +4 club (spect) {mace}
rCold   . . .      Faith    .   (no shield)
rNeg    . . .      Spirit   .   e - +0 mask of the Dragon {Will+ Slay+3 SInv}
rPois   .          Reflect  .   (no amulet)
rElec   .          Harm     .   (no ring)
rCorr   .          Rampage  .   (no ring)
Will    +....                   (no ring)
Stlth   +++.......              (no ring)
HPRegen 0.12/turn               (no ring)
MPRegen 0.12/turn               (no ring)
                                (no ring)
                                (no ring)

@: no status effects
A: almost no armour, amphibious, 8 rings, camouflage 1, gelatinous body 1,
(nimble swimmer 1), tentacles
a: no special abilities


You were on level 4 of the Dungeon.
You visited 1 branch of the dungeon, and saw 4 of its levels.

You collected 182 gold pieces.


Innate Abilities, Weirdness & Mutations

You cannot wear most types of armour.
You are amphibious.
You can wear up to eight rings at the same time.
Your skin changes colour to match your surroundings (Stealth+).
Your rubbery body absorbs attacks. (AC +1, EV +1)
((You are camouflaged when in or above water. (Stealth+)))
You have tentacles for arms and can constrict up to eight enemies at once.


   Skills:
 - Level 2.0 Dodging
 - Level 2.6 Stealth
 + Level 3.5 Spellcasting
 * Level 6.2 Conjurations
 + Level 2.1 Transmutations
 + Level 2.0 Earth Magic


You had 9 spell levels left.
You knew the following spells:

 Your Spells              Type           Power      Damage    Failure   Level
a - Magic Dart            Conj           100%       1d8       1%          1
b - Searing Ray           Conj           62%        2d6       1%          2

Your spell library contained the following spells:

 Spells                   Type           Power      Damage    Failure   Level
 Sandblast                Erth           24%        2d8       4%          1
 Stone Arrow              Conj/Erth      44%        3d9       6%          3
 Passwall                 Tmut/Erth      10%        N/A       8%          2
 Wereblood                Tmut           13%        N/A       8%          2
 Dazzling Flash           Conj/Hex       34%        N/A       10%         3
 Sublimation of Blood     Necr           3%         N/A       19%         2
 Fulminant Prism          Conj/Hex       8%         3d7       32%         4
 Iskenderun's Mystic Bla  Conj/Tloc      17%        2d5       32%         4
 Summon Hydra             Summ           1%         N/A       100%        7

Inventory:

Hand Weapons
 l - a +4 spectral club (weapon) {mace}
   (You took it off Jessica on level 2 of the Dungeon)
Armour
 e - the +0 mask of the Dragon (worn) {Will+ Slay+3 SInv}
   (You acquired it on level 1 of the Dungeon)

   Slay:      It affects your accuracy & damage with ranged weapons and melee
   (+3).
   SInv:      It lets you see invisible.
   Will:      It increases your willpower.
Jewellery
 j - an amulet of faith {!P}
   (You found it on level 2 of the Dungeon)
Scrolls
 b - 2 scrolls of teleportation {unknown}
 g - a scroll of enchant weapon {unknown}
 i - a scroll of enchant armour {unknown}
 k - a scroll of vulnerability {unknown}
 p - a scroll of fear {unknown}
 s - a scroll of acquirement
Potions
 a - a potion of magic
 c - 8 potions of curing {unknown}
 d - a potion of mutation {unknown}
 f - a potion of heal wounds {unknown}
 h - a potion of attraction {unknown}
 m - a potion of berserk rage {unknown}
 n - a potion of cancellation {unknown}
 o - a potion of ambrosia {unknown}
 q - a potion of lignification {unknown}
 r - a potion of resistance {unknown}

Dungeon Overview and Level Annotations

Branches:
Dungeon (4/15)
 Temple: D:4-7

Altars:
Elyvilon
Fedhas
Xom

Annotations:
D:2 1 runed translucent door, Crazy Yiuf, Terence

#.. #......... #..
#......... ##########..
.....!...# #.......##.#
.........# #.......##..
S........# #.......##..
.......(.# #.......##..
.......W.####.....†.....
......O@..............>.
.#######.####...........
#.# #........... #.#
#####'#..... #.##
#.#.....
#..#######.#...##
#......†.#.#...#
#........#.....#
#........+...(##


You could see an ogre, a phantom, a ball python and a friendly +4 spectral club
{mace} (summoned).


Message History

You hit the iguana. You grab the iguana.
You squeeze the iguana, but do no damage.
Your +4 spectral club {mace} hits the iguana.
You constrict the iguana, but do no damage.
The iguana bites you.
HP[-2]
You take 2 damage, and now have 34/36 hp.
You hit the iguana. You squeeze the iguana.
Your +4 spectral club {mace} hits the iguana but does no damage.
You constrict the iguana, but do no damage.
The iguana closely misses you.
You hit the iguana.
Your +4 spectral club {mace} hits the iguana.
You kill the iguana!
Your Transmutations skill increases to level 2!
No target in view!
No target in view!
No target in view!
No target in view!
No target in view!
No target in view!
No target in view!
No target in view!
No target in view!
No target in view!
No target in view!
No target in view!
No target in view!
You now have 155 gold pieces (gained 16).
c - 8 brown potions (gained 1)
s - a scroll of acquirement HP[+2]
Your hp is fully restored (36).
Found a stone staircase leading down.
There is a stone staircase leading down here.
An orc comes into view. It is wielding a +0 club.
The helpless orc fails to defend itself.
You sock the orc!
You kill the orc!
No target in view!
No target in view!
No target in view!
No target in view!
No target in view!
No target in view!
No target in view!
No target in view!
No target in view!
No target in view!
No target in view!
No target in view!
No target in view!
No target in view!
No target in view!
Things that are here:
a +0 club {mace}; an orc corpse You now have 163 gold pieces (gained 8).
You now have 174 gold pieces (gained 11).
You now have 182 gold pieces (gained 8).
You see here a +0 ring mail.
You open the door.
There is an open door here.
Found a blossoming altar of Fedhas.
A ball python comes into view.
A ball python is nearby!
An orc comes into view. It is wielding a +0 flail.
The orc shouts!
You hear a shout!
The orc moves out of view.
A phantom and a jelly come into view.
The ball python hisses angrily.
An ogre comes into view. It is wielding a +0 giant spiked club.
You hit the orc. You grab the orc. You squeeze the orc.
You kill the orc!
The ball python misses you. The ball python closely misses you.
The ball python bites you. The ball python barely misses you.
HP[-2]
You take 2 damage, and now have 34/36 hp.
You hit the ball python.
You kill the ball python!
The jelly closely misses you.
You hit the jelly.
Your tentacles burn!
You squeeze the jelly.
Your +4 spectral club {mace} hits the jelly!
You kill the jelly!
The phantom hits you.
Your Earth Magic skill increases to level 2!
You are too injured to fight recklessly!
HP[-7]
You take 7 damage, and now have 27/36 hp.
You are too injured to fight recklessly!
You are too injured to fight recklessly!
You are too injured to fight recklessly!
You are too injured to fight recklessly!
You are too injured to fight recklessly!
You are too injured to fight recklessly!
You hit the phantom but do no damage.
Your +4 spectral club {mace} hits the phantom.
A ball python comes into view.
The ogre hits you with a +0 giant spiked club!!
Ouch! That really hurt!
You die...

Skill      XL: |  1  2  3  4  5  6 |
---------------+-------------------+-----
Conjurations   | 5 6 |  6.2
Spellcasting   | 3 |  3.5
Transmutations | 1 2 |  2.1
Earth Magic    | 1 2 |  2.0
Dodging        | |  2.0
Stealth        | |  2.6

Action                   |  1- 3 |  4- 6 || total
-------------------------+-------+-------++-------
Melee: Unarmed           |     4 |       ||     4
       Constrict         |     4 |     6 ||    10
       Dagger            |    15 |     2 ||    17
       Tentacles         |     2 |     5 ||     7
       Club              |       |    22 ||    22
 Cast: Magic Dart        |    53 |    78 ||   131
  Use: Scroll            |     1 |       ||     1
 Stab: Sleeping          |     2 |     4 ||     6
Armor: Skin              |     1 |       ||     1
Dodge: Dodged            |     9 |    22 ||    31

Levels and vault maps discovered:
D:1:      saegor_arrival_fortress, layout_rooms,
          shapermc_ecumenical_altar_acropolis, hangedman_decor_riveting
D:2:      layout_loops_corners, serial_rivers, chequers_serial_rivers_micro_a,
          chequers_serial_rivers_room_b, chequers_serial_rivers_large_b,
          chequers_serial_rivers_micro_b, minmay_randomly_rotated_circles,
          uniq_crazy_yiuf_cottage, uniq_terence, uniq_jessica
D:3:      layout_loops_cross, nicolae_overflow_hidden_temple
D:4:      layout_basic, lemuel_crystal_altar, mainiacjoe_overflow_alcove_2,
          minmay_distorted

Notes
Turn   | Place    | Note
-------+----------+-------------------------------------------
     0 | D:1      | zeratav the Octopode Conjurer began the quest for the Orb.
     0 | D:1      | Reached XP level 1. HP: 11/11 MP: 3/3
     0 | D:1      | magus.rc [v1.9.6]
   140 | D:1      | Reached XP level 2. HP: 17/17 MP: 0/5
   246 | D:1      | You pick up a book of Geomancy and begin reading...
   246 | D:1      | You add the spells Sandblast, Passwall and Stone Arrow to
                  | your library.
   265 | D:1      | Identified a scroll of acquirement
   265 | D:1      | Acquired the +0 mask of the Dragon {Will+ Slay+3 SInv}
   265 | D:1      | Found the +0 mask of the Dragon {Will+ Slay+3 SInv}
   373 | D:1      | Found a faded altar of an unknown god.
   628 | D:1      | You pick up a book of Blood and begin reading...
   628 | D:1      | You add the spells Sublimation of Blood, Wereblood and
                  | Summon Hydra to your library.
   983 | D:2      | Learned a level 2 spell: Searing Ray
  1136 | D:2      | Noticed Terence
  1188 | D:2      | Reached XP level 3. HP: 21/21 MP: 1/6
  1591 | D:2      | Found a runed translucent door.
  1592 | D:2      | Noticed Crazy Yiuf
  1635 | D:2      | Reached skill level 5 in Conjurations
  1635 | D:2      | Reached XP level 4. HP: 27/27 MP: 4/8
  2250 | D:2      | Noticed Jessica
  2254 | D:2      | Killed Jessica
  2764 | D:3      | Reached XP level 5. HP: 28/31 MP: 3/9
  2841 | D:3      | Reached skill level 3 in Spellcasting
  2884 | D:3      | Reached skill level 1 in Transmutations
  3129 | D:3      | Reached skill level 1 in Earth Magic
  3614 | D:3      | Found a white marble altar of Elyvilon.
  3848 | D:4      | Found a shimmering altar of Xom.
  3857 | D:4      | Reached skill level 6 in Conjurations
  3857 | D:4      | Reached XP level 6. HP: 26/36 MP: 9/11
  4040 | D:4      | Reached skill level 2 in Transmutations
  4168 | D:4      | Found a blossoming altar of Fedhas.
  4208 | D:4      | Reached skill level 2 in Earth Magic
  4208 | D:4      | Slain by an ogre

Vanquished Creatures
  A bullfrog (D:4)
  2 jellies
  Jessica (D:2)
  3 iguanas (D:4)
  8 adders
  2 worms (D:2)
  A dart slug (D:3)
  6 orcs
  6 ball pythons
  4 bats
  8 endoplasms
  4 giant cockroaches
  6 goblins
  7 hobgoblins
  4 quokkas
  4 frilled lizards (D:1)
  2 kobolds (D:1)
  5 rats
74 creatures vanquished.

Table legend:
 A = Non-vault XP
 B = Vault XP
 C = Vault XP percentage of total XP
 D = Non-vault monster count
 E = Vault monster count
 F = Vault count percentage of total count
                 A         B        C        D         E       F
            +---------+---------+-------+---------+---------+-------
      Total |     471 |      75 |  13.7 |      70 |       4 |   5.4
            +---------+---------+-------+---------+---------+-------
        D:1 |      29 |       0 |   0.0 |      20 |       0 |   0.0
        D:2 |      75 |      37 |  33.0 |      19 |       1 |   5.0
        D:3 |     133 |       0 |   0.0 |      20 |       0 |   0.0
        D:4 |     234 |      38 |  14.0 |      11 |       3 |  21.4
            +---------+---------+-------+---------+---------+-------

Illustrated notes

Table legend:
 A = Kills in this place as a percentage of kills in entire the game.
 B = Kills by you in this place as a percentage of kills by you in the entire game.
 C = Kills by friends in this place as a percentage of kills by friends in the entire game.
 D = Other kills in this place as a percentage of other kills in the entire game.
 E = Experience gained in this place as a percentage of experience gained in the entire game.
 F = Experience gained in this place divided by the number of levels of this place that you have seen.
                   A       B       C       D       E      F
               +-------+-------+-------+-------+-------+----------------------
         Total | 100.0 | 100.0 |   N/A |   N/A | 100.0 | 136.5
       Dungeon | 100.0 | 100.0 |   N/A |   N/A | 100.0 | 136.5
               +-------+-------+-------+-------+-------+----------------------

Table legend: (Time is in decaauts)
 A = Elapsed time spent in this place.
 B = Non-inter-level travel time spent in this place.
 C = Inter-level travel time spent in this place.
 D = Time resting spent in this place.
 E = Time spent auto-exploring this place.
 F = Levels seen in this place.
 G = Mean time per level.
                   A        B        C        D        E       F      G
               +--------+--------+--------+--------+--------+-----+--------+
         Total |   4211 |   4080 |    131 |    377 |   3306 |   4 | 1052.8 |
       Dungeon |   4211 |   4080 |    131 |    377 |   3306 |   4 | 1052.8 |
               +--------+--------+--------+--------+--------+-----+--------+

Top non-repeatable levels by time:
     D:2: 1587 daAuts
     D:3: 1093 daAuts
     D:1: 977 daAuts
     D:4: 553 daAuts
